 Dungeon Crawl Stone Soup version 0.28.0-43-g3370ac3207 (webtiles) character file.

Game seed: 17770321014560903041

3289 protoss039 the Thaumaturge (level 9, 0/50 HPs)
             Began as a Deep Elf Fire Elementalist on Mar 28, 2022.
             Was an Initiate of Sif Muna.
             Slain by a spriggan
             ... wielding a +0 trident
              (12 damage)
             ... in a bailey.
             The game lasted 00:19:25 (9533 turns).

protoss039 the Thaumaturge (DEFE)                   Turns: 9533, Time: 00:19:25

Health: 0/50       AC: 10    Str: 11    XL:     9   Next: 69%
Magic:  15/25      EV: 13    Int: 25    God:    Sif Muna [......]
Gold:   435        SH:  0    Dex: 15    Spells: 10/28 levels left

rFire   . . .      SeeInvis .   E - staff of conjuration
rCold   . . .      Faith    .   (no shield)
rNeg    . . .      Spirit   .   a - +1 robe
rPois   .          Reflect  .   j - +2 helmet
rElec   .          Harm     .   C - +2 cloak
rCorr   +          Rampage  .   k - +0 pair of gloves
Will    .....                   (no boots)
Stlth   ++........              (no amulet)
HPRegen 0.16/turn               y - +6 ring of strength
MPRegen 0.19/turn               B - ring of resist corrosion

@: hasted, very quick
A: no striking features
a: Renounce Religion


You were in a bailey.
You worshipped Sif Muna.
Sif Muna was noncommittal.
You visited 2 branches of the dungeon, and saw 9 of its levels.
You also visited: Sewer and Bailey.

You collected 469 gold pieces.
You spent 34 gold pieces at shops.

Inventory:

Hand Weapons
 x - a +2 hand axe of flaming
 G - a +2 short sword of protection
Armour
 a - a +1 robe (worn)
 j - a +2 helmet (worn)
 k - a +0 pair of gloves (worn)
 l - a scarf of resistance
 C - a +2 cloak (worn)
Magical Staves
 E - a staff of conjuration (weapon)
Jewellery
 g - a ring of ice
 y - a +6 ring of strength (left hand)
 B - a ring of resist corrosion (right hand)
Wands
 n - a wand of acid (10)
 o - a wand of flame (11)
 t - a wand of iceblast (7)
Scrolls
 b - a scroll of identify
 d - 2 scrolls of enchant armour
 e - a scroll of magic mapping {unknown}
 m - 2 scrolls of enchant weapon {unknown}
 q - a scroll of immolation {unknown}
 s - 2 scrolls of blinking {unknown}
 u - a scroll of fog
 v - a scroll of torment {unknown}
 z - a scroll of holy word {unknown}
Potions
 c - a potion of ambrosia
 f - a potion of lignification {unknown}
 h - a potion of invisibility {unknown}
 i - a potion of heal wounds {unknown}
 r - a potion of curing
 A - a potion of mutation {unknown}
 D - a potion of cancellation {unknown}
 F - a potion of might {unknown}


   Skills:
 * Level 3.0 Fighting
 - Level 3.0 Dodging
 - Level 3.0 Stealth
 + Level 10.1 Spellcasting
 + Level 5.1 Conjurations
 * Level 4.3 Hexes
 * Level 3.9 Transmutations
 + Level 8.0 Fire Magic
 * Level 4.0 Earth Magic
 * Level 2.2 Invocations


You had 10 spell levels left.
You knew the following spells:

 Your Spells              Type           Power      Damage    Failure   Level
a - Foxfire               Conj/Fire      100%       2x1d9     1%          1
b - Scorch                Fire           100%       2d10      1%          2
c - Conjure Flame         Conj/Fire      62%        6-21      1%          3
d - Inner Flame           Hex/Fire       43%        N/A       1%          3
e - Flame Wave            Conj/Fire      62%        2d12      3%          4
f - Passwall              Tmut/Erth      26%        N/A       1%          2
g - Stone Arrow           Conj/Erth      100%       3d13      2%          3

Your spell library contained the following spells:

 Spells                   Type           Power      Damage    Failure   Level
 Sandblast                Erth           64%        2d14      1%          1
 Summon Small Mammal      Summ           48%        N/A       4%          1
 Summon Guardian Golem    Hex/Summ       23%        N/A       6%          3
 Blink                    Tloc           24%        N/A       8%          2
 Call Canine Familiar     Summ           12%        N/A       14%         3
 Manifold Assault         Tloc           12%        N/A       80%         5
 Storm Form               Tmut/Air       11%        N/A       100%        7


Dungeon Overview and Level Annotations

Branches:
Dungeon (8/15)             Temple (1/1) D:5           Sewer (visited)
 Bailey (1/1)
   Lair: D:8-11

Altars:
Ashenzari
Cheibriados
Dithmenos
Elyvilon
Fedhas
Gozag
Hepliaklqana
Kikubaaqudgha
Nemelex Xobeh
Okawaru
Qazlal
Ru
Sif Muna
Uskayaw
Vehumet
Wu Jian
Yredelemnul
The Shining One

Shops:
D:6 *

Annotations:
D:3 2 transporters, jacek's ghost, amateur HOFi


Message History

Confirm with . or Enter, or press ? or * to list all spells.
Flames lash the ogre.
The ogre is heavily wounded.
The ogre's fire resistance burns away.
The ogre hits you from afar with a +0 halberd!
* * * LOW HITPOINT WARNING * * *
Unknown command.
Unknown command.
Casting: Scorch (safe; 1% risk of failure)
Confirm with . or Enter, or press ? or * to list all spells.
Flames lash the ogre.
The ogre is burned terribly!
You kill the ogre!
Sif Muna accepts your kill.
You hear two shouts!
You hear a roar!
You hear a shout!
Your Earth Magic skill increases to level 4!
Unknown command.
You feel better.
The spriggan hits you from afar with a +0 trident!
* * * LOW HITPOINT WARNING * * *
Unknown command.
Unknown command.
Okay, then.
Okay, then.
Okay, then.
You feel yourself speed up. The spriggan closely misses you.
Unknown command.
Unknown command.
Unknown command.
You feel better.
The spriggan hits you from afar with a +0 trident.
* * * LOW HITPOINT WARNING * * *
Unknown command.
Unknown command.
You see here a +0 spear.
Unknown command.
Unknown command.
Okay, then.
You feel better.
The spriggan hits you from afar with a +0 trident!
You die... ######### #.......## .........## ...≈≈≈.)..## ####i♣##♣..## iD.

##D.## .♣♣
#♣i.# . #))#
#.@# #..# #..#
♣..# ♣#..# ..#
#♣..## #..#
##..##
#..###♣###..##
#.........##


You could see an acid dragon and a spriggan.

Vanquished Creatures
  Maggie (D:7)
  3 spriggans (Bailey)
  Menkaure (D:5)
  2 water moccasins
  Duvessa (D:5)
  Pargi (Sewer)
  An ice beast (D:7)
  6 ogres
  A centaur (D:7)
  A phantom (D:6)
  A bullfrog (D:6)
  2 kobold brigands
  3 scorpions
  Dowan (D:5)
  6 killer bees
  A howler monkey (D:6)
  A jelly (D:7)
  A bullfrog zombie (D:5)
  3 hounds
  2 centaur skeletons (D:7)
  A bullfrog skeleton (D:5)
  3 iguanas
  Terence (D:3)
  An orc wizard (D:3)
  Robin (D:3)
  A howler monkey zombie (D:6)
  2 adders
  A howler monkey skeleton (D:7)
  A river rat (D:6)
  2 white imps
  4 dart slugs
  5 worms
  17 orcs
  6 endoplasms
  2 giant cockroaches
  17 goblins
  8 hobgoblins
  4 jackals (D:4)
  A quokka (D:2)
  3 ball pythons
  8 bats
  2 frilled lizards (D:1)
  14 kobolds
  5 rats
149 creatures vanquished.

Vanquished Creatures (others)
  622 foxfires
622 creatures vanquished.

Grand Total: 771 creatures vanquished

Notes
Turn   | Place    | Note
-------+----------+-------------------------------------------
     0 | D:1      | protoss039 the Deep Elf Fire Elementalist began the quest
                  | for the Orb.
     0 | D:1      | Reached XP level 1. HP: 10/10 MP: 6/6
   533 | D:1      | Reached XP level 2. HP: 15/15 MP: 6/8
  1187 | D:1      | Reached XP level 3. HP: 10/19 MP: 7/10
  1799 | D:1      | Learned a level 2 spell: Scorch
  1803 | D:1      | Learned a level 3 spell: Conjure Flame
  1807 | D:1      | Learned a level 3 spell: Inner Flame
  2178 | D:2      | Found a faded altar of an unknown god.
  3178 | D:3      | Noticed Robin
  3186 | D:3      | Killed Robin
  3187 | D:3      | Reached skill level 4 in Spellcasting
  3187 | D:3      | Reached XP level 4. HP: 24/24 MP: 6/12
  3207 | D:3      | Found a stormy altar of Qazlal.
  3208 | D:3      | Reached skill level 1 in Hexes
  3321 | D:3      | Found a transporter.
  3324 | D:3      | Noticed jacek's ghost (amateur HOFi)
  3564 | D:3      | Found a transporter.
  3897 | D:3      | Noticed Terence
  3903 | D:3      | Killed Terence
  3904 | D:3      | Reached XP level 5. HP: 28/28 MP: 4/13
  4286 | D:4      | Learned a level 4 spell: Flame Wave
  4392 | D:4      | Reached skill level 5 in Spellcasting
  4706 | D:4      | Reached XP level 6. HP: 32/32 MP: 10/16
  5114 | D:4      | Found a blossoming altar of Fedhas.
  5176 | D:4      | Learned a level 2 spell: Passwall
  5177 | D:5      | Entered Level 5 of the Dungeon
  5190 | D:5      | Reached skill level 5 in Fire Magic
  5298 | D:5      | Found an opulent altar of Gozag.
  5310 | D:5      | Noticed Duvessa
  5311 | D:5      | Noticed Dowan
  5316 | D:5      | Killed Duvessa
  5316 | D:5      | Killed Dowan
  5317 | D:5      | Reached skill level 6 in Spellcasting
  5317 | D:5      | Reached XP level 7. HP: 36/36 MP: 6/18
  5325 | D:5      | Noticed Menkaure
  5332 | D:5      | Killed Menkaure
  5517 | D:5      | Found a staircase to the Ecumenical Temple.
  5583 | Temple   | Entered the Ecumenical Temple
  5867 | D:5      | Reached skill level 7 in Spellcasting
  6645 | D:5      | Learned a level 3 spell: Stone Arrow
  6727 | D:6      | Found Petsurr's Assorted Antiques.
  6748 | D:6      | Bought a metallic cyan potion for 16 gold pieces
  6748 | D:6      | Bought a scroll labelled AFIYGUX LOURRI for 18 gold pieces
  6780 | D:6      | Found a glowing drain.
  6801 | Sewer    | Entered a sewer
  6804 | Sewer    | Reached skill level 1 in Transmutations
  6939 | Sewer    | Noticed Pargi
  6952 | Sewer    | Killed Pargi
  6953 | Sewer    | Reached skill level 1 in Fighting
  6953 | Sewer    | Reached skill level 1 in Earth Magic
  6953 | Sewer    | Reached XP level 8. HP: 43/43 MP: 11/21
  7177 | D:7      | Reached skill level 8 in Spellcasting
  7230 | D:7      | Found an iron altar of Okawaru.
  7241 | D:7      | Found a sparkling altar of Nemelex Xobeh.
  7624 | D:6      | Reached skill level 9 in Spellcasting
  8240 | D:6      | Found a radiant altar of Vehumet.
  8442 | D:6      | Reached XP level 9. HP: 49/49 MP: 15/24
  8445 | D:6      | Found a shimmering blue altar of Sif Muna.
  8453 | D:6      | Became a worshipper of Sif Muna the Loreminder
  9036 | D:7      | Noticed Maggie
  9043 | D:7      | Killed Maggie
  9044 | D:7      | Reached skill level 5 in Conjurations
  9044 | D:7      | Reached skill level 1 in Invocations
  9277 | D:8      | Found a flagged portal.
  9314 | Bailey   | Entered a bailey
  9515 | Bailey   | Identified the +1 steam dragon scales of Chill Winds
                  | {Dex+2}
  9523 | Bailey   | Reached skill level 10 in Spellcasting
  9527 | Bailey   | HP: 1/50 [spriggan/+0 trident (16)]
  9533 | Bailey   | Slain by a spriggan

Illustrated notes

Levels and vault maps discovered:
D:1:      roderic_crossed_star, layout_loops_ring, dk_noncrumbling_2,
          minmay_statues_item, roderic_roman_lattice, kennysheep_pointless_box,
          minmay_octomino_c4
D:2:      layout_basic, dreamdust_ecumenical_altar_statues, patterned_corridor
D:3:      layout_rooms, demons_altar, nicolae_qazlal_eye_of_the_storm,
          gammafunk_ghost_mausoleum, uniq_terence, uniq_robin
D:4:      layout_cave_pools, fedhas_altar_4
D:5:      layout_basic, grunt_gozag_breadcrumbs, minmay_temple_entry_mini_moons,
          uniq_duvessa, uniq_menkaure
D:6:      layout_basic, fiery_altar_vehumet, marbit_many_paths, serial_shops,
          shop, portal_sewer_entry_a, grunt_ministairs_10, dk_rats_in_the_wall
D:7:      layout_loops_ring, okawaru_gym_becter,
          mainiacjoe_overflow_tiny_flanked, kennysheep_boxes, uniq_maggie
D:8:      layout_loops_ring, enter_bailey_2, minmay_the_grid_2x2
          [minmay_the_grid_plusring, minmay_the_grid_empty,
          minmay_the_grid_expand, minmay_the_grid_prize_four_corners],
          uniq_psyche, uniq_erica
Temple:   minmay_temple_curvy_loop
Bailey:   bailey_polearm_enchanted_keep_hellmonk, bailey

Skill      XL: |  1  2  3  4  5  6  7  8  9 |
---------------+----------------------------+-----
Dodging        | 3 |  3.0
Fire Magic     | 4 5 6 7 8 |  8.0
Stealth        | 3 |  3.0
Spellcasting   | 4 5 6 7 9 10 | 10.1
Hexes          | 1 2 3 4 |  4.3
Conjurations   | 2 3 4 5 |  5.1
Transmutations | 1 3 |  3.9
Fighting       | 1 2 3 |  3.0
Earth Magic    | 1 3 4 |  4.0
Invocations    | 2 |  2.2

Action                   |  1- 3 |  4- 6 |  7- 9 || total
-------------------------+-------+-------+-------++-------
Melee: Dagger            |    17 |       |       ||    17
       Spear             |    24 |     7 |     6 ||    37
       Punch             |     1 |       |     1 ||     2
       Hand axe          |       |       |     3 ||     3
       Short sword       |       |       |     9 ||     9
 Cast: Foxfire           |   101 |    89 |   179 ||   369
       Scorch            |       |    16 |    54 ||    70
       Inner Flame       |       |     1 |     6 ||     7
  Use: Scroll            |       |       |     6 ||     6
       Potion            |       |       |     5 ||     5
 Stab: Sleeping          |     1 |     1 |       ||     2
       Distracted        |     1 |       |       ||     1
Armor: Robe              |     7 |     4 |    22 ||    33
Dodge: Dodged            |    31 |    12 |    58 ||   101
